 Dungeon Crawl Stone Soup version 0.29-a0-25-g7f48f510a0 (webtiles) character file.

Game seed: 12128266898891357032

164600 shoop the Bewitcher (level 17, -7/104 HPs)
             Began as a Vampire Enchanter on Jan 30, 2022.
             Was the Champion of Wu Jian.
             Mangled by an emperor scorpion (10 damage)
             ... on level 4 of the Spider Nest on Feb 1, 2022.
             The game lasted 02:53:47 (39516 turns).

shoop the Bewitcher (Vampire Enchanter)            Turns: 39516, Time: 02:53:47

Health: -7/104     AC: 12    Str: 14 (15) XL:     17   Next: 26%
Magic:  1/35       EV: 22    Int: 25      God:    Wu Jian [******]
Gold:   921        SH:  0    Dex: 19      Spells: 4/44 levels left

rFire   . . .      SeeInvis +   a - +2 dagger (venom)
rCold   + + .      Faith    +   (no shield)
rNeg    + + +      Spirit   .   Q - +4 robe of Augmentation {Str+4 Int+4 Dex+4}
rPois   ∞          Reflect  .   E - +0 helmet
rElec   .          Harm     .   K - +1 cloak {Stlth+}
rCorr   .          Rampage  .   O - +0 pair of gloves
Will    +....                   V - +1 pair of boots
Stlth   ++++++++++              z - amulet of faith
HPRegen 0.00/turn               P - +4 ring of slaying
MPRegen 0.24/turn               N - +4 ring of evasion

@: bloodless, inhibited regen
A: bloodless, fangs 3, see invisible, vampiric 2
a: Bat Form, Revivify, Renounce Religion, Wall Jump, Serpent's Lash, Heavenly
Storm


You were on level 4 of the Spider Nest.
You worshipped Wu Jian.
Wu Jian was exalted by your worship.
You visited 5 branches of the dungeon, and saw 28 of its levels.
You also visited: Ossuary, Bailey and Volcano.

You collected 3066 gold pieces.
You spent 2145 gold pieces at shops.

Inventory:

Hand Weapons
 a - a +2 dagger of venom (weapon)
 b - the +7 great mace "Undeadhunter" {disrupt, rN+}
   (You found it on level 5 of the Lair of Beasts)

   It inflicts significantly more damage against the undead.
   rN:        It protects you from negative energy.
Armour
 p - the +1 robe "Vanexu" {rElec Str-3 Int+3 Archmagi}
   (You found it on level 3 of the Dungeon)

   Str:       It affects your strength (-3).
   Int:       It affects your intelligence (+3).
   rElec:     It insulates you from electricity.
   Archmagi:  It increases the power of your magical spells.
 E - a +0 helmet (worn)
 K - a +1 cloak of stealth (worn)
 O - a +0 pair of gloves (worn)
 Q - the +4 robe of Augmentation (worn) {Str+4 Int+4 Dex+4}
   (You found it on level 2 of the Lair of Beasts)

   Str:       It affects your strength (+4).
   Int:       It affects your intelligence (+4).
   Dex:       It affects your dexterity (+4).
 V - a +1 pair of boots (worn)
Jewellery
 y - a ring of resist corrosion
 z - an amulet of faith (around neck)
 A - a +6 ring of intelligence
 L - a ring of flight
 N - a +4 ring of evasion (right hand)
 P - a +4 ring of slaying (left hand)
 X - a ring of protection from fire
Wands
 h - a wand of iceblast (2)
 o - a wand of acid (4)
 B - a wand of paralysis (11)
 F - a wand of polymorph (13)
 H - a wand of mindburst (10)
 S - a wand of digging (8)
 U - a wand of charming (9)
Scrolls
 d - a scroll of immolation
 e - 4 scrolls of amnesia
 j - 2 scrolls of fear
 k - 2 scrolls of holy word
 l - 3 scrolls of magic mapping
 q - 3 scrolls of teleportation
 r - 4 scrolls of enchant weapon
 s - 3 scrolls of vulnerability
 v - 8 scrolls of identify
 w - 4 scrolls of summoning
 C - 2 scrolls of brand weapon
 D - 9 scrolls of blinking
 I - 5 scrolls of fog
 J - 4 scrolls of enchant armour
 Z - a scroll of torment {unknown}
Potions
 c - 4 potions of invisibility
 f - 4 potions of magic
 g - a potion of resistance
 i - 11 potions of might
 m - 7 potions of heal wounds
 n - 3 potions of haste
 t - 10 potions of curing
 u - 9 potions of mutation
 x - 3 potions of flight
 G - 3 potions of attraction
 M - a potion of cancellation
 R - 2 potions of brilliance
 T - 6 potions of ambrosia
 W - a potion of lignification
Miscellaneous
 Y - a tin of tremorstones (2/2)


   Skills:
 - Level 10.9 Fighting
 - Level 10.0 Short Blades
 - Level 5.0 Maces & Flails
 - Level 10.0 Dodging
 - Level 16.4 Stealth
 - Level 14.0 Spellcasting
 - Level 4.0 Conjurations
 - Level 20.5 Hexes
 - Level 3.0 Translocations
 - Level 4.0 Transmutations
 - Level 2.0 Ice Magic
 - Level 4.0 Air Magic
 - Level 2.0 Earth Magic
 + Level 3.3 Evocations


You had 4 spell levels left.
You knew the following spells:

 Your Spells              Type           Power      Damage    Failure   Level
a - Ensorcelled Hibernat  Hex/Ice        100%       N/A       1%          2
b - Blink                 Tloc           64%        N/A       1%          2
c - Tukima's Dance        Hex            88%        N/A       0%          3
d - Enfeeble              Hex            44%        N/A       1%          7
e - Mephitic Cloud        Conj/Pois/Air  30%        N/A       3%          3
i - Irradiate             Conj/Tmut      18%        3d19      17%         5
p - Passwall              Tmut/Erth      26%        N/A       1%          2
s - Swiftness             Air            37%        N/A       1%          3
y - Yara's Violent Unrav  Hex/Tmut       34%        3d14      1%          5
z - Discord               Hex            44%        N/A       4%          8

Your spell library contained the following spells:

 Spells                   Type           Power      Damage    Failure   Level
 Confusing Touch          Hex            88%        N/A       0%          3
 Magic Dart               Conj           100%       1d8       1%          1
 Sandblast                Erth           54%        2d13      1%          1
 Shock                    Conj/Air       100%       1d9       1%          1
 Dazzling Flash           Conj/Hex       100%       N/A       1%          3
 Gell's Gravitas          Tloc           32%        N/A       2%          3
 Lesser Beckoning         Tloc           32%        N/A       2%          3
 Stone Arrow              Conj/Erth      64%        3d11      2%          3
 Teleport Other           Tloc           32%        N/A       2%          3
 Call Imp                 Summ           17%        N/A       4%          2
 Sublimation of Blood     Necr           17%        N/A       4%          2
 Conjure Flame            Conj/Fire      27%        6-21      4%          3
 Ignite Poison            Fire/Tmut/Pois 24%        N/A       5%          3
 Airstrike                Air            18%        N/A       6%          4
 Petrify                  Tmut/Erth      32%        N/A       10%         4
 Sticky Flame             Conj/Fire      27%        2d5       14%         4
 Animate Armour           Summ/Erth      44%        N/A       22%         4
 Olgreb's Toxic Radiance  Pois           17%        N/A       32%         4
 Manifold Assault         Tloc           32%        N/A       26%         5
 Excruciating Wounds      Necr           8%         N/A       65%         5
 Conjure Ball Lightning   Conj/Air       18%        3x3d6     67%         6
 Storm Form               Tmut/Air       18%        N/A       99%         7
 Ozocubu's Refrigeration  Ice            13%        4d7       100%        7
 Disjunction              Tloc           16%        N/A       100%        8
 Ignition                 Fire           8%         3d5       100%        8
 Lehudib's Crystal Spear  Conj/Erth      16%        10d5      100%        8


Dungeon Overview and Level Annotations

Branches:
Dungeon (15/15)            Temple (1/1) D:5            Lair (6/6) D:8
 Spider (4/4) Lair:4          Orc (2/2) D:9             Elf (0/3) Orc:2
 Vaults (0/5) D:14        Ossuary (visited)          Bailey (visited)
Volcano (visited)
  Swamp: Lair:2-4    Shoals: Lair:2-4     Slime: Lair:5-6    Depths: D:15

Altars:
Ashenzari
Cheibriados
Dithmenos
Elyvilon
Fedhas
Gozag
Qazlal
Ru
Trog
Uskayaw
Wu Jian
Yredelemnul
Zin
The Shining One

Shops:
D:2 !   D:9 [(   Orc:2 !:*?*(

Annotations:
D:8 exclusion: 4 wights
D:9 exclusions: acid dragon, orc wizard and 2 wights
D:11 exclusion: 3 vampire mosquitoes
D:13 exclusions: 5 doors, hydra and 2 skeletal warriors
D:15 exclusions: door and tengu warrior
Lair:2 2 transporters, Pooter's ghost, journeyman MiBe
Lair:4 exclusions: hydra and 2 more exclusions
Lair:5 exclusions: black mamba, 3 blink frogs, bullfrog and hydra
Spider:1 3 runed translucent doors, badtown22's ghost, journeyman FeFi; browni3141's ghost, adept GrFi


Innate Abilities, Weirdness & Mutations

You do not regenerate when monsters are visible.
You are frail without blood (-20% HP).
You can heal yourself when you bite living creatures.
You are immune to poison.
You have razor-sharp teeth.
You have supernaturally acute eyesight. (SInv)
You are afflicted with vampirism and can become a bat while bloodless.


Message History

Okay, then.
Unknown command.
Your surroundings suddenly seem different.
You hear an angry hiss.
You are caught in the web!
A wolf spider and a ghost moth come into view.
The wolf spider moves out of view.
The ghost moth moves out of view.
There is a web here.
You struggle to detach yourself from the web.
You hear an angry hiss. x2
You disentangle yourself.
You feel less exhausted.
As you read the scroll of teleportation, it crumbles to dust.
You feel strangely unstable.
The heavenly storm settles.
The wolf spider hits you!
* * * LOW HITPOINT WARNING * * *
The wolf spider closely misses you. The ghost moth stares at you.
You feel your power leaking away.
Cast which spell? (? or * to list)
Aiming: Ensorcelled Hibernation (safe; 1% risk of failure)
Press: ? - help, Shift-Dir - straight line, f - wolf spider
Aim: a wolf spider (golden dust, chance to affect: 71%)
The wolf spider struggles to resist.
The wolf spider hits you!
* * * LOW HITPOINT WARNING * * *
The wolf spider bites you but does no damage.
The ghost moth stares at you.
You feel your power leaking away. The wolf spider hits you.
* * * LOW HITPOINT WARNING * * *
The wolf spider bites you but does no damage.
Unknown command.
Your surroundings suddenly seem different.
You spin and attack the emperor scorpion repeatedly.
You hit the emperor scorpion but do no damage.
You punch the emperor scorpion, but do no damage.
You hit the emperor scorpion but do no damage.
The emperor scorpion stings you!
You die...

.......# ##^≈^##....^.##.##
......#####.^.≈.#..≈#######
.....## #.........≈##
...### ##^.......^^# ....##
#..≈..≈≈.)### ....^#
#.^####≈≈.≈# ....## #^.#
##s..# #..## #..# #≈..##
.### ##.## #≈@s.# ..# #..#
##...# .## ##..# #≈.## ##
#≈.##.≈≈w≈#..# #
#≈.#≈.≈≈[.#.^# #
#.†#..≈.≈.#..## ####
#..##[≈w≈.#..≈# .^.#
#≈≈.#!≈≈≈!#..^#
...####.≈≈.≈≈.##..##


You could see 2 emperor scorpions.

Vanquished Creatures
  Kirke (Lair:5)
  4 emperor scorpions (Spider:4)
  A ghost moth (Spider:4)
  2 entropy weavers
  2 spark wasps
  A fire dragon (Lair:5)
  A yaktaur captain (D:14)
  6 boulder beetles
  4 hydras
  A jorogumo (Spider:4)
  A centaur warrior (D:14)
  3 ogre magi
  6 two-headed ogres
  4 orc high priests (Orc:2)
  Sonja (Lair:6)
  8 steelbarb worms
  6 pharaoh ants
  5 orb spiders
  A deep elf archer (Volcano)
  Pikel (D:5)
  11 deep elf pyromancers
  7 orc knights (Orc:2)
  A lindwurm (Lair:5)
  4 orc sorcerers (Orc:2)
  11 ugly things
  11 wolf spiders
  5 cyclopes
  2 manticores
  2 centaur zombies
  2 moths of wrath
  4 black mambas
  A torpor snail (shapeshifter) (D:14)
  2 gargoyles
  3 torpor snails
  A molten gargoyle (D:14)
  14 cane toads
  7 komodo dragons
  3 yaktaurs
  13 rime drakes
  6 demonic crawlers
  A merfolk (shapeshifter) (D:14)
  7 trolls
  7 meliai
  A queen bee (Spider:4)
  10 tarantellas
  2 polar bears (D:14)
  A blink frog (shapeshifter) (D:13)
  19 blink frogs
  12 slime creatures
  2 dream sheep (Lair:6)
  Prince Ribbit (D:5)
  12 culicivoras
  21 jumping spiders
  4 wyverns
  8 fire elementals
  43 yaks
  4 basilisks
  22 redbacks
  A hog (Lair:5)
  10 steam dragons
  Edmund (D:5)
  2 vampire mosquitoes (D:15)
  14 wargs
  7 water moccasins
  An acid dragon (D:14)
  4 hell hounds (Volcano)
  4 ice beasts
  25 orc warriors
  2 necrophages (D:5)
  10 ogres
  14 wolves
  A phantom (D:6)
  A lemure (D:5)
  3 centaurs
  2 kobold brigands
  13 bullfrogs
  2 scorpions
  A gnoll sergeant (D:4)
  A water moccasin skeleton (D:4)
  13 killer bees
  6 wights
  6 electric eels
  A bullfrog zombie (D:5)
  3 jellies
  6 hounds
  2 centaur skeletons
  15 orc priests
  Natasha (thrice) (D:3)
  5 iguanas
  24 orc wizards
  A hound skeleton (D:4)
  8 mummies (Ossuary)
  8 gnolls
  9 adders
  2 ufetubi
  An adder skeleton (D:4)
  2 dart slugs
  67 orcs
  5 ball pythons
  3 endoplasms
  5 giant cockroaches
  A gnoll zombie (Ossuary)
  9 goblins
  6 hobgoblins
  4 jackals
  12 kobolds
  3 quokkas
  3 bats
  6 frilled lizards
  2 hobgoblin zombies (Ossuary)
  3 kobold zombies (Ossuary)
  2 orc zombies (Ossuary)
  8 rats
719 creatures vanquished.

Vanquished Creatures (collateral kills)
  An emperor scorpion (Spider:4)
  2 entropy weavers
  A spark wasp (Spider:2)
  A jorogumo (Spider:2)
  2 two-headed ogres (D:15)
  A pharaoh ant (Spider:2)
  6 orb spiders
  A steelbarb worm (Spider:4)
  An orc knight (Bailey)
  A deep elf pyromancer (Volcano)
  2 wolf spiders (Spider:4)
  A moth of wrath (Spider:2)
  A demonic crawler (Spider:3)
  A meliai (Spider:4)
  9 tarantellas
  5 jumping spiders
  4 culicivoras
  17 redbacks
  An orc warrior (Orc:2)
  2 ogres
  6 killer bees (Spider:4)
66 creatures vanquished.

Vanquished Creatures (others)
  Jorgrun (Spider:1)
  An entropy weaver (Spider:3)
  A tarantella (Spider:3)
  A dancing weapon (Orc:2)
  3 humans (Lair:5)
  3 redbacks (Spider:3)
  An ogre (D:15)
  An orc wizard (Orc:2)
  30 fungi
  46 plants
88 creatures vanquished.

Grand Total: 873 creatures vanquished

Notes
Turn   | Place    | Note
-------+----------+-------------------------------------------
     0 | D:1      | shoop the Vampire Enchanter began the quest for the Orb.
     0 | D:1      | Reached XP level 1. HP: 13/13 MP: 3/3
   702 | D:1      | Reached XP level 2. HP: 15/15 MP: 5/5
   705 | D:1      | Learned a level 2 spell: Ensorcelled Hibernation
   723 | D:1      | Learned a level 2 spell: Passwall
   868 | D:1      | Reached skill level 5 in Stealth
  1661 | D:2      | Found Ushikk's Distillery.
  1669 | D:2      | Bought a potion of curing for 30 gold pieces
  1738 | D:2      | Found a faded altar of an unknown god.
  1791 | D:2      | Gained mutation: You are afflicted with vampirism and can
                  | become a bat while bloodless. [Vampire growth]
  1791 | D:2      | Reached XP level 3. HP: 7/19 MP: 0/6
  2503 | D:2      | Bought a potion of heal wounds for 50 gold pieces
  2847 | D:3      | Reached skill level 1 in Transmutations
  2945 | D:3      | Reached XP level 4. HP: 24/24 MP: 3/7
  3081 | D:3      | Found a blossoming altar of Fedhas.
  3466 | D:3      | Reached skill level 1 in Ice Magic
  3482 | D:3      | Identified the +1 robe "Vanexu" {rElec Str-3 Int+3
                  | Archmagi}
  3683 | D:3      | Reached skill level 1 in Earth Magic
  3722 | D:4      | Noticed Natasha
  3724 | D:4      | Reached skill level 5 in Hexes
  3724 | D:4      | Reached XP level 5. HP: 28/28 MP: 8/8
  3725 | D:4      | Noticed an ogre
  4327 | D:4      | Killed an ogre
  4428 | D:3      | Reached XP level 6. HP: 32/32 MP: 4/10
  4547 | D:2      | Bought a potion of magic for 80 gold pieces
  4783 | D:3      | Killed Natasha
  5155 | D:3      | Noticed Natasha
  5258 | D:3      | Killed Natasha
  5667 | D:3      | Noticed Natasha
  5672 | D:3      | Killed Natasha
  5673 | D:3      | Reached XP level 7. HP: 36/36 MP: 8/11
  6154 | D:5      | Entered Level 5 of the Dungeon
  6209 | D:5      | Reached skill level 5 in Short Blades
  6216 | D:5      | Found a basalt altar of Yredelemnul.
  6238 | D:5      | Noticed Edmund
  6246 | D:5      | Killed Edmund
  6253 | D:5      | Learned a level 3 spell: Tukima's Dance
  6265 | D:5      | Found a stormy altar of Qazlal.
  6301 | D:5      | Found a staircase to the Ecumenical Temple.
  6310 | Temple   | Entered the Ecumenical Temple
  6326 | Temple   | Became a worshipper of the Wu Jian Council
  6373 | D:5      | Found a sand-covered staircase.
  6402 | D:5      | Noticed Pikel
  6420 | D:5      | Killed Pikel
  6421 | D:5      | Reached skill level 10 in Stealth
  6421 | D:5      | Reached XP level 8. HP: 41/46 MP: 0/12
  6472 | Ossuary  | Entered an ossuary
  6602 | Ossuary  | HP: 2/46 [mummy (8)]
  7214 | D:5      | Reached * piety under Wu Jian
  7432 | D:5      | Noticed Prince Ribbit
  7524 | D:5      | Reached skill level 5 in Fighting
  7862 | D:5      | Noticed an angel
  8116 | D:5      | Identified the amulet "Mefuly" {Spirit rPois rN+++ Str-5
                  | Dex-2}
  8170 | D:5      | Killed Prince Ribbit
  8171 | D:5      | Reached skill level 5 in Dodging
  8171 | D:5      | Reached XP level 9. HP: 42/54 MP: 1/13
  9453 | D:6      | Found a shadowy altar of Dithmenos.
  9771 | D:7      | Found a broken altar of Ashenzari.
  9847 | D:7      | Reached skill level 6 in Hexes
 10206 | D:7      | Found a flagged portal.
 10210 | D:7      | Reached ** piety under Wu Jian
 10300 | Bailey   | Entered a bailey
 10352 | Bailey   | Reached skill level 1 in Evocations
 10464 | Bailey   | Noticed an orc knight
 10569 | Bailey   | Killed an orc knight
 10570 | Bailey   | Reached skill level 7 in Hexes
 10737 | Bailey   | Found a large runed translucent door.
 10737 | Bailey   | Found a large runed translucent door.
 10738 | Bailey   | Noticed a deep elf pyromancer
 10795 | Bailey   | Killed a deep elf pyromancer
 10796 | Bailey   | Reached XP level 10. HP: 59/59 MP: 16/16
 10808 | Bailey   | Got Cecuaxto's Collected Works on the Traveller and Evil
                  | Secrets
 11221 | D:8      | Noticed a two-headed ogre
 11229 | D:8      | Found a hide-covered altar of Uskayaw.
 11229 | D:8      | Killed a two-headed ogre
 11306 | D:8      | Found a staircase to the Lair.
 11319 | D:8      | Reached skill level 8 in Hexes
 11408 | D:8      | Found an opulent altar of Gozag.
 11612 | D:8      | Found a snail-covered altar of Cheibriados.
 11928 | D:8      | Reached *** piety under Wu Jian
 12570 | D:7      | Reached skill level 9 in Hexes
 12708 | D:2      | Bought a potion of mutation for 80 gold pieces
 12708 | D:2      | Bought a potion of attraction for 30 gold pieces
 13106 | D:9      | Found Quepruz's Antique Weapon Shoppe.
 13302 | D:9      | Found Lufoythu's Armour Emporium.
 13350 | D:9      | Found a sacrificial altar of Ru.
 13452 | D:9      | Found a staircase to the Orcish Mines.
 13520 | D:9      | Reached XP level 11. HP: 63/63 MP: 9/17
 13634 | D:10     | Entered Level 10 of the Dungeon
 13649 | D:9      | Bought a +1 cloak of stealth for 231 gold pieces
 15177 | D:10     | Reached skill level 10 in Hexes
 15841 | D:10     | Reached **** piety under Wu Jian
 16253 | D:11     | Noticed a boulder beetle
 16255 | D:11     | Killed a boulder beetle
 16312 | D:11     | Reached skill level 11 in Hexes
 16799 | D:11     | Found a hide-covered altar of Uskayaw.
 17418 | D:12     | Reached skill level 10 in Short Blades
 17600 | D:12     | Reached skill level 12 in Hexes
 17611 | D:12     | Learned a level 7 spell: Enfeeble
 17782 | D:12     | Noticed an eight-headed hydra
 18013 | D:12     | Reached skill level 10 in Dodging
 18298 | D:12     | Reached skill level 5 in Spellcasting
 18516 | D:11     | Reached XP level 12. HP: 21/68 MP: 9/20
 18867 | Orc:1    | Entered Level 1 of the Orcish Mines
 18915 | Lair:1   | Entered Level 1 of the Lair of Beasts
 20001 | Lair:1   | Learned a level 3 spell: Swiftness
 20124 | Lair:2   | Found a transporter.
 20464 | Lair:2   | Found the +4 robe of Augmentation {Str+4 Int+4 Dex+4}
 20471 | Lair:2   | Reached skill level 1 in Air Magic
 20526 | Lair:2   | Found a transporter.
 20527 | Lair:2   | Noticed an eight-headed hydra
 20607 | Lair:2   | Reached ***** piety under Wu Jian
 20670 | Lair:2   | Noticed Pooter's ghost (journeyman MiBe)
 22089 | Lair:3   | Identified the +0 scale mail "Xaytuiq" {Int+8 Dex-4 Stlth+}
 22345 | Lair:3   | Learned a level 2 spell: Blink
 22539 | Lair:3   | Reached skill level 1 in Translocations
 22714 | Lair:4   | Reached XP level 13. HP: 76/76 MP: 26/26
 22895 | Lair:4   | Upgraded the game from 0.29-a0-22-gbf593b16ee to
                  | 0.29-a0-23-ga79f92ac9c
 23113 | Lair:4   | Found a hole to the Spider Nest.
 23685 | Lair:5   | You fall into a shaft and drop 1 floor!
 23685 | Lair:6   | Entered Level 6 of the Lair of Beasts
 23731 | Lair:6   | Noticed Sonja
 23734 | Lair:6   | Killed Sonja
 23975 | Lair:5   | Learned a level 3 spell: Mephitic Cloud
 24035 | Lair:5   | Found a dark tunnel.
 24054 | Volcano  | Entered a volcano
 24238 | Volcano  | Reached skill level 13 in Hexes
 24787 | Lair:5   | Reached skill level 10 in Spellcasting
 25140 | Lair:5   | Noticed a fire dragon
 25310 | Lair:5   | Reached skill level 14 in Hexes
 25352 | Lair:5   | Noticed Kirke
 25371 | Lair:5   | Killed Kirke
 25546 | Lair:5   | Reached XP level 14. HP: 87/87 MP: 26/28
 25660 | Lair:5   | Found the +7 great mace "Undeadhunter" {disrupt, rN+}
 26199 | Orc:1    | Reached skill level 10 in Fighting
 26617 | Orc:2    | Entered Level 2 of the Orcish Mines
 27171 | Orc:2    | Reached ****** piety under Wu Jian
 27189 | Orc:2    | Reached skill level 15 in Hexes
 27466 | Orc:2    | Found a staircase to the Elven Halls.
 27843 | Orc:1    | Learned a level 5 spell: Yara's Violent Unravelling
 28718 | Orc:2    | Reached skill level 16 in Hexes
 28719 | Orc:2    | Found Isem Elu's Distillery.
 28719 | Orc:2    | Found Peralleeb's Magic Scroll Shoppe.
 28721 | Orc:2    | Found Iddytala's Book Shop.
 28721 | Orc:2    | Found Nutogubb's Assorted Antiques.
 28745 | Orc:2    | Found Jeih's Assorted Antiques.
 28745 | Orc:2    | Found Ladereoryleu's Weapon Shop.
 29007 | Orc:2    | Bought a book of Chaos for 500 gold pieces
 29007 | Orc:2    | Bought a book of Alchemy for 280 gold pieces
 29009 | Orc:2    | Bought a potion of brilliance for 64 gold pieces
 29013 | Orc:2    | Bought a potion of experience for 800 gold pieces
 29013 | Orc:2    | Reached XP level 15. HP: 93/93 MP: 30/30
 29023 | Orc:2    | Learned a level 8 spell: Discord
 30423 | D:14     | Found a bloodstained altar of Trog.
 30528 | D:14     | Found a gate to the Vaults.
 30571 | D:15     | Entered Level 15 of the Dungeon
 30825 | D:15     | Reached skill level 17 in Hexes
 31273 | D:15     | Reached XP level 16. HP: 99/99 MP: 29/32
 32373 | Spider:1 | Entered Level 1 of the Spider Nest
 32670 | Lair:4   | Reached skill level 18 in Hexes
 33604 | Spider:1 | Noticed Jorgrun
 33873 | Spider:1 | Killed Jorgrun
 34506 | Spider:1 | Found a runed translucent gate.
 34506 | Spider:1 | Found a runed translucent gate.
 34507 | Spider:1 | Found a runed translucent gate.
 34512 | Spider:1 | Noticed badtown22's ghost (journeyman FeFi)
 34512 | Spider:1 | Noticed browni3141's ghost (adept GrFi)
 34910 | Spider:2 | Reached skill level 19 in Hexes
 36281 | Spider:3 | Reached skill level 20 in Hexes
 37145 | Spider:4 | Entered Level 4 of the Spider Nest
 37149 | Spider:4 | Reached skill level 1 in Maces & Flails
 37784 | Spider:3 | Learned a level 5 spell: Irradiate
 38351 | Spider:4 | Reached skill level 1 in Conjurations
 38405 | Spider:4 | Reached XP level 17. HP: 104/104 MP: 33/35
 38564 | Spider:4 | Upgraded the game from 0.29-a0-23-ga79f92ac9c to
                  | 0.29-a0-25-g7f48f510a0
 38949 | Spider:4 | Identified the +0 helmet of Failure {Fly rPois rCorr Dex-3}
 39454 | Spider:4 | Reached skill level 5 in Maces & Flails
 39514 | Spider:4 | HP: 3/104 [wolf spider (3)]
 39516 | Spider:4 | Mangled by an emperor scorpion

Illustrated notes

Levels and vault maps discovered:
D:1:      mrwooster_arrival_statue_2, layout_rooms
D:2:      layout_basic, shapermc_ecumenical_altar_pompeii, basic_altar,
          serial_shops, nicolae_square_shop, minmay_rat_gold_closets
D:3:      layout_rooms, fedhas_ov_isle_minmay, chequers_serial_rivers_micro_c,
          st_stairs_4
D:4:      layout_gridville, uniq_natasha
D:5:      layout_cave_pools, grunt_temple_overflow_holy_war,
          nicolae_qazlal_eye_of_the_storm, minmay_temple_entry_large_hall,
          nicolae_ossuary_entry_monument, st_stairs_9, uniq_edmund, uniq_pikel,
          uniq_prince_ribbit1
D:6:      layout_cave_pods, grunt_dithmenos_smoke_and_mirrors
D:7:      layout_gridville, mainiacjoe_overflow_brackets, enter_bailey_5,
          serial_bayou_ford_a
D:8:      layout_basic, eat_drink_and_be_merry_uskayaw, cheibriados_altar_1,
          kennysheep_mini, nicolae_gozag_cash_rules_everything_around_me,
          erik_lair_island, serial_shops, shop
D:9:      layout_rooms, mainiacjoe_overflow_concentric_impassable,
          minmay_orc_entry_guard_dogs, serial_shops, nicolae_shop_behind_doors,
          shop
D:10:     layout_stronghold
D:11:     layout_stronghold, kennysheep_flooded_box
D:12:     layout_basic
D:13:     layout_roguey, grunt_decor_one_mirror, hangedman_weighted_door,
          nicolae_tso_carved_into_rock
D:14:     layout_big_octagon, david_vaults_2, nicolae_lava_and_water,
          trog_ov_bears_minmay
D:15:     grunt_enter_depths_snipers, layout_rooms, solitary_fountain
Temple:   jpeg_temple_clearing
Lair:1:   layout_cave_pods, serial_bayou_pond_d, infiniplex_staircase_pool
Lair:2:   layout_cave_pods, gammafunk_ghost_arena
Lair:3:   layout_cave_pods, minivault_24
Lair:4:   layout_small_grid, elwin_shoals_entry_rooms, dummy_spider_entry
Lair:5:   layout_small_grid, nicolae_volcano_entry_vermiform,
          bobbens_dragon_lair_wall, uniq_kirke
Lair:6:   grunt_lair_end_beastmaster, layout_small_grid, slime_altar_2,
          ice2_lemuel, grunt_megastairs_2, uniq_sonja
Spider:1: layout_spider_delve, gammafunk_ghost_cemetery, uniq_jorgrun
Spider:2: layout_spider_delve, nicolae_spider_claw_tunnel,
          nicolae_spider_cling_halls
Spider:3: layout_cave_pods
Spider:4: grunt_spider_rune_circles, special_room [special_room_bee]
Orc:1:    layout_diamond_mine
Orc:2:    grunt_orc_tribal_feast, layout_diamond_mine, guppyfry_orc_lava_fort

Skill      XL: |  1  2  3  4  5  6  7  8  9 10 11 12 13 14 15 16 17 |
---------------+----------------------------------------------------+-----
Stealth        | 5 6 7 10 11 13 14 16 | 16.4
Short Blades   | 2 4 6 7 8 10 | 10.0
Transmutations | 1 2 4 |  4.0
Ice Magic      | 1 2 |  2.0
Earth Magic    | 1 2 |  2.0
Hexes          | 5 7 9 12 14 16 17 20 | 20.5
Spellcasting   | 3 4 5 9 10 11 12 14 | 14.0
Fighting       | 3 5 7 9 10 | 10.9
Dodging        | 5 6 8 10 | 10.0
Evocations     | 2 3 |  3.3
Air Magic      | 4 |  4.0
Translocations | 1 3 |  3.0
Maces & Flails | 3 5 |  5.0
Conjurations   | 1 4 |  4.0

Action                   |  1- 3 |  4- 6 |  7- 9 | 10-12 | 13-15 | 16-18 || total
-------------------------+-------+-------+-------+-------+-------+-------++-------
Melee: Dagger            |    85 |    83 |   161 |   314 |   526 |   244 ||  1413
       Bite              |     4 |     8 |    23 |    34 |    76 |    39 ||   184
       Punch             |     2 |     1 |     3 |     2 |    10 |     5 ||    23
       Spear             |       |       |    83 |       |       |       ||    83
       Great sword       |       |       |       |    26 |    28 |       ||    54
       Great mace        |       |       |       |       |    15 |    46 ||    61
 Cast: Ensorcelled Hiber |     8 |    33 |    65 |   144 |   142 |   136 ||   528
       Passwall          |     4 |     5 |    21 |    24 |    20 |    14 ||    88
       Tukima's Dance    |       |       |     2 |       |     9 |       ||    11
       Mephitic Cloud    |       |       |       |       |    39 |     4 ||    43
       Swiftness         |       |       |       |       |     1 |       ||     1
       Blink             |       |       |       |       |    11 |    11 ||    22
       Yara's Violent Un |       |       |       |       |     7 |     7 ||    14
       Discord           |       |       |       |       |     1 |    12 ||    13
       Enfeeble          |       |       |       |       |       |     3 ||     3
Invok: Lunge             |       |       |    30 |    57 |    78 |    53 ||   218
       Whirlwind         |       |       |     1 |    19 |    46 |    20 ||    86
       Heavenly Storm    |       |       |       |     1 |     1 |     1 ||     3
       Serpent's Lash    |       |       |       |       |       |     3 ||     3
 Abil: Exsanguinate      |     1 |       |       |       |       |       ||     1
       Wall Jump         |       |       |       |     1 |     3 |     2 ||     6
Evoke: Wand              |       |       |       |     2 |       |     4 ||     6
  Use: Potion            |     1 |       |     2 |       |     3 |     1 ||     7
       Scroll            |       |       |       |    16 |     5 |     2 ||    23
 Stab: Sleeping          |    26 |    32 |    62 |   150 |   118 |   105 ||   493
       Distracted        |       |       |     1 |     2 |     6 |     8 ||    17
       Confused          |       |       |       |       |    30 |     5 ||    35
       Invisible         |       |       |       |       |       |     1 ||     1
Armor: Robe              |     7 |    11 |    27 |    46 |    82 |    67 ||   240
Dodge: Dodged            |    34 |    50 |    92 |   158 |   326 |   344 ||  1004

Table legend: (Time is in decaauts)
 A = Elapsed time spent in this place.
 B = Non-inter-level travel time spent in this place.
 C = Inter-level travel time spent in this place.
 D = Time resting spent in this place.
 E = Time spent auto-exploring this place.
 F = Levels seen in this place.
 G = Mean time per level.
                   A        B        C        D        E       F      G
               +--------+--------+--------+--------+--------+-----+--------+
         Total |  39302 |  35966 |   3336 |   7587 |  19659 |  31 | 1267.8 |
       Dungeon |  21037 |  18776 |   2261 |   3222 |  11446 |  15 | 1402.5 |
        Temple |     32 |     16 |     16 |      0 |      0 |   1 |   32.0 |
          Lair |   8009 |   7440 |    569 |   2067 |   3801 |   6 | 1334.8 |
   Spider Nest |   5367 |   5230 |    137 |   1232 |   2639 |   4 | 1341.8 |
  Orcish Mines |   2972 |   2621 |    351 |    413 |   1427 |   2 | 1486.0 |
       Ossuary |    675 |    675 |      0 |    216 |    111 |   1 |  675.0 |
        Bailey |    558 |    558 |      0 |    116 |    149 |   1 |  558.0 |
       Volcano |    648 |    648 |      0 |    320 |     86 |   1 |  648.0 |
               +--------+--------+--------+--------+--------+-----+--------+

Top non-repeatable levels by time:
  Lair:4: 2932 daAuts
    D:10: 2340 daAuts
Spider:3: 2099 daAuts
     D:2: 2045 daAuts
     D:3: 1894 daAuts
   Orc:2: 1717 daAuts
    D:11: 1690 daAuts
     D:5: 1550 daAuts
     D:7: 1449 daAuts
  Lair:5: 1366 daAuts
     D:6: 1352 daAuts
  Lair:1: 1351 daAuts
     D:8: 1331 daAuts
   Orc:1: 1255 daAuts
Spider:4: 1254 daAuts
